 Dungeon Crawl Stone Soup version 0.20.1-1-g8b1a95d (webtiles) character file.

6806 Peloso the Carver (level 10, -2/77 HPs)
             Began as a Demonspawn Fighter on Aug 2, 2017.
             Was a Priest of Okawaru.
             Slain by a wyvern (13 damage)
             ... on level 8 of the Dungeon.
             The game lasted 00:23:03 (9277 turns).

Peloso the Carver (Demonspawn Fighter)              Turns: 9277, Time: 00:23:03

Health: -2/77      AC: 15    Str: 20    XL:     10   Next: 77%
Magic:  9/11       EV: 12    Int:  9    God:    Okawaru [***...]
Gold:   477        SH: 13    Dex: 13    Spells: 9/9 levels left

rFire    + . .     SeeInvis +   a - +0 long sword
rCold    . . .     Gourm    .   c - +0 shield
rNeg     . . .     Faith    .   n - +0 plate armour
rPois    .         Spirit   .   (no helmet)
rElec    .         Reflect  .   (no cloak)
rCorr    .         Harm     .   (no gloves)
MR       .....                  (no boots)
Stlth    ..........             (no amulet)
Regen    0.3/turn               C - ring of protection from fire
MPRegen  0.2/turn               D - ring of see invisible

@: heroism
A: claws 1, repulsion field 2, powered by death 2, powered by pain 1
a: Heroism, Renounce Religion


You were on level 8 of the Dungeon.
You worshipped Okawaru.
Okawaru was most pleased with you.
You were not hungry.

You visited 2 branches of the dungeon, and saw 9 of its levels.

You collected 477 gold pieces.

Inventory:

Hand Weapons
 a - a +0 long sword (weapon)
Armour
 c - a +0 shield (worn)
 j - a +0 chain mail
 n - a +0 plate armour (worn)
Jewellery
 i - an uncursed amulet of magic regeneration
 t - an uncursed amulet of rage
 C - a ring of protection from fire (left claw)
 D - a ring of see invisible (right claw)
Wands
 w - a wand of disintegration (0/24)
 x - a wand of acid (0/15)
 y - a wand of digging (14/24)
 A - a wand of enslavement (15/24)
 L - a wand of disintegration (13/24)
Scrolls
 b - 4 scrolls of blinking {unknown}
 h - 2 scrolls of identify
 k - 2 scrolls of fog {unknown}
 m - a scroll of summoning {unknown}
 o - 2 scrolls of remove curse
 p - 3 scrolls of enchant weapon {unknown}
 r - 6 scrolls of teleportation {unknown}
 u - 2 scrolls of magic mapping {unknown}
 v - a scroll of holy word {unknown}
 z - 2 scrolls of random uselessness {unknown}
 F - a scroll of torment {unknown}
 H - a scroll of recharging {unknown}
Potions
 e - 2 potions of curing
 g - 2 potions of mutation {unknown}
 l - 2 potions of flight {unknown}
 s - 3 potions of cancellation
 E - a potion of heal wounds
 G - a potion of ambrosia {unknown}
 J - a potion of brilliance {unknown}
Books
 B - a book of Callings

   Spells                             Type                      Level
   a - Summon Small Mammal            Summoning                    1
   b - Call Imp                       Summoning                    2
   c - Call Canine Familiar           Summoning                    3
   d - Summon Guardian Golem          Hexes/Summoning              3
   e - Summon Lightning Spire         Summoning/Air                4
   f - Summon Ice Beast               Ice/Summoning                4
Comestibles
 d - 3 royal jellies
 f - 3 bread rations
 q - 4 meat rations
 I - 24 fruits
 K - 2 chunks of flesh


   Skills:
 + Level 6.4(11.4) Fighting
 + Level 9.9(14.9) Long Blades
 + Level 7.7(12.7) Armour
 + Level 1.5(6.5) Dodging
 + Level 1.4(6.4) Stealth
 + Level 7.3(12.3) Shields
 + Level 0.6 Invocations
 + Level 2.0 Evocations


You had 9 spell levels left.
You didn't know any spells.

Dungeon Overview and Level Annotations

Branches:
Dungeon (8/15)             Temple (1/1) D:5
   Lair: D:8-11

Altars:
Ashenzari
Cheibriados
Elyvilon
Fedhas
Gozag
Hepliaklqana
Kikubaaqudgha
Makhleb
Nemelex Xobeh
Okawaru
Trog
Xom
Zin
The Shining One


Innate Abilities, Weirdness & Mutations

You have sharp fingernails.
You are surrounded by a moderate repulsion field. (EV +3)
You regenerate health from kills.
You sometimes gain a little power by taking damage.


Message History

The hound barely misses you.
The wyvern bites you but does no damage.
The hound bites you but does no damage.
Unknown command.
You barely miss the wyvern.
The wyvern is severely wounded.
The wyvern bites you!
* * * LOW HITPOINT WARNING * * *
You block the hound's attack. The wyvern bites you.
* * * LOW HITPOINT WARNING * * *
Unknown command.
You slash the wyvern!
The wyvern is almost dead.
The hound bites you but does no damage. You block the wyvern's attack.
The hound bites you.
* * * LOW HITPOINT WARNING * * *
Unknown command.
You gain the combat prowess of a mighty hero.
The wyvern bites you!
You die...

.. ..#.#. #.#.#...
##.#.#..# # .......# .#.#
.### #.#.... .# .#.# .....
#....###.# ...
.....###..l.....# ##.#
..8...#.h@...(## ##..#
...............####...####
...............'..(.......
...###.........####......#
##$....<.## ##.###.#
##.....## #...... ##...##
#.##### ##'## #.# # #.#
#.# #


You could see a wyvern and a hound.

Vanquished Creatures
  4 two-headed ogres (D:8)
  The ghost of McKennaii the Zephyrmancer, a novice TeAE of Vehumet (D:7)
  The ghost of McKennaii the Zephyrmancer, a novice TeAE of Vehumet (D:6)
  Pikel (D:5)
  The ghost of RKaid the Stinger, a novice FoVM of Cheibriados (D:5)
  Grinder (D:5)
  Eustachio (D:7)
  A sky beast (D:8)
  A black bear (D:7)
  An orc warrior (D:7)
  An ice beast (D:8)
  A necrophage (D:8)
  A slave (D:5)
  5 ogres
  A centaur (D:6)
  2 bullfrogs
  A water moccasin zombie (D:7)
  2 scorpions
  A jelly (D:8)
  2 crimson imps (D:8)
  2 orc priests
  A gnoll shaman (D:4)
  A hound (D:7)
  6 orc wizards
  A centaur skeleton (D:6)
  4 iguanas
  4 worker ants
  A killer bee zombie (D:8)
  A hound zombie (D:5)
  A howler monkey zombie (D:8)
  10 adders
  10 gnolls
  2 shadow imps
  An ooze (D:5)
  2 adder skeletons
  4 worms
  2 dart slugs (D:1)
  6 leopard geckos
  19 orcs
  6 giant cockroaches
  10 hobgoblins
  9 jackals
  6 kobolds
  3 quokkas
  12 bats
  6 frilled lizards
  5 goblins
  A jackal zombie (D:6)
  A quokka skeleton (D:6)
  9 rats
176 creatures vanquished.

Vanquished Creatures (others)
  2 slaves (D:5)
  A crimson imp (D:5)
  2 gnolls
  A jackal (D:7)
6 creatures vanquished.

Grand Total: 182 creatures vanquished

Notes
Turn   | Place    | Note
-------+----------+-------------------------------------------
     0 | D:1      | Peloso the Demonspawn Fighter began the quest for the Orb.
     0 | D:1      | Reached XP level 1. HP: 18/18 MP: 1/1
   186 | D:1      | Gained mutation: You are surrounded by a mild repulsion field. (EV +2) [demonic ancestry]
   186 | D:1      | Reached XP level 2. HP: 22/24 MP: 2/2
   578 | D:1      | Reached skill level 2 in Long Blades
   924 | D:2      | Gained mutation: You regenerate a little health from kills. [demonic ancestry]
   924 | D:2      | Reached XP level 3. HP: 29/29 MP: 3/3
  1092 | D:2      | Gained mutation: You regenerate health from kills. [demonic ancestry]
  1092 | D:2      | Reached XP level 4. HP: 14/35 MP: 4/4
  1588 | D:3      | Reached skill level 3 in Long Blades
  1857 | D:3      | Gained mutation: You are surrounded by a moderate repulsion field. (EV +3) [demonic ancestry]
  1857 | D:3      | Reached XP level 5. HP: 29/41 MP: 5/5
  2670 | D:4      | Reached skill level 4 in Long Blades
  2670 | D:4      | Reached XP level 6. HP: 32/48 MP: 6/6
  2940 | D:4      | Gained mutation: You sometimes gain a little power by taking damage. [demonic ancestry]
  2940 | D:4      | Reached XP level 7. HP: 47/54 MP: 7/7
  2945 | D:4      | Reached skill level 5 in Long Blades
  3090 | D:4      | Found a hazy altar of Hepliaklqana.
  3309 | D:5      | Entered Level 5 of the Dungeon
  3309 | D:5      | Noticed Eustachio
  3334 | D:5      | Noticed RKaid's ghost (novice FoVM)
  4041 | D:5      | Killed RKaid's ghost
  4041 | D:5      | Reached skill level 6 in Long Blades
  4041 | D:5      | Reached skill level 1 in Dodging
  4041 | D:5      | Gained mutation: You have sharp fingernails. [demonic ancestry]
  4041 | D:5      | Reached XP level 8. HP: 49/61 MP: 8/8
  4396 | D:5      | Noticed Grinder
  4404 | D:5      | Paralysed by Grinder for 3 turns
  4413 | D:5      | Paralysed by Grinder for 6 turns
  4425 | D:5      | Paralysed by Grinder for 2 turns
  4436 | D:5      | Paralysed by Grinder for 7 turns
  4449 | D:5      | Paralysed by Grinder for 4 turns
  4455 | D:5      | Killed Grinder
  4455 | D:5      | Reached skill level 5 in Armour
  4933 | D:5      | Reached skill level 5 in Shields
  5130 | D:5      | Noticed Pikel
  5185 | D:5      | HP: 3/61 [Pikel/whip of electrocution (4)]
  5186 | D:5      | Killed Pikel
  5574 | D:5      | Reached skill level 5 in Fighting
  5574 | D:5      | Reached skill level 7 in Long Blades
  5635 | D:5      | Found a sparkling altar of Nemelex Xobeh.
  5773 | D:5      | Reached XP level 9. HP: 64/68 MP: 9/9
  5779 | D:5      | Found a staircase to the Ecumenical Temple.
  5788 | Temple   | Entered the Ecumenical Temple
  5897 | Temple   | Became a worshipper of Warmaster Okawaru
  6007 | D:6      | Noticed McKennaii's ghost (novice TeAE)
  6093 | D:6      | Killed McKennaii's ghost
  6093 | D:6      | Reached skill level 1 in Stealth
  6094 | D:6      | Reached * piety under Okawaru
  6956 | D:7      | Killed Eustachio
  7060 | D:7      | Noticed McKennaii's ghost (novice TeAE)
  7381 | D:7      | Killed McKennaii's ghost
  7381 | D:7      | Reached skill level 8 in Long Blades
  8393 | D:8      | Reached XP level 10. HP: 76/76 MP: 10/10
  8412 | D:8      | Noticed a two-headed ogre
  8419 | D:8      | Killed a two-headed ogre
  8419 | D:8      | Reached ** piety under Okawaru
  8419 | D:8      | Reached skill level 9 in Long Blades
  8449 | D:8      | Noticed a two-headed ogre
  8457 | D:8      | Killed a two-headed ogre
  8457 | D:8      | Reached skill level 1 in Evocations
  8860 | D:8      | Noticed a two-headed ogre
  8870 | D:8      | Killed a two-headed ogre
  8870 | D:8      | Reached *** piety under Okawaru
  9182 | D:8      | Noticed a two-headed ogre
  9194 | D:8      | Killed a two-headed ogre
  9277 | D:8      | Slain by a wyvern

Skill      XL: |  1  2  3  4  5  6  7  8  9 10 |
---------------+-------------------------------+-----
Armour         | 3 4 5 6 7 |  7.7
Long Blades    | 2 3 4 6 7 8 9 |  9.9
Shields        | 3 4 5 6 7 |  7.3
Fighting       | 4 5 6 |  6.4
Dodging        | 1 |  1.5
Stealth        | 1 |  1.4
Evocations     | 2 |  2.0
Invocations    | |  0.6

Action                   |  1- 3 |  4- 6 |  7- 9 | 10-12 || total
-------------------------+-------+-------+-------+-------++-------
Melee: Long sword        |   100 |   246 |   497 |   111 ||   954
Invok: Heroism           |       |       |     1 |     2 ||     3
Evoke: Wand              |       |       |     1 |     9 ||    10
  Use: Scroll            |       |     4 |     3 |     2 ||     9
       Potion            |       |     2 |    10 |       ||    12
  Eat: Chunk             |     1 |     6 |    16 |     3 ||    26
       Fruit             |       |       |     3 |       ||     3
Armor: Scale mail        |    21 |       |       |       ||    21
       Chain mail        |    67 |    90 |       |       ||   157
       Plate armour      |       |     8 |   202 |    43 ||   253
Dodge: Dodged            |    37 |    61 |   119 |    37 ||   254
Block: Shield            |    66 |   112 |   255 |    45 ||   478
       Rpst.: Long sword |    10 |    22 |    35 |    13 ||    80
